Map: Jagannatha LE

Players

Massa

  • Race: Terran Terran
  • League: Platinum
  • Spawn Location: 7:00

czajna - Winner!

  • Race: Terran Terran
  • League: Diamond
  • Spawn Location: 1:00

VOD

Have the link to the VOD?

Description

Time

  • Played on: Jan. 15, 2021, 5:42 p.m.
  • Length: 17:05
Show
View Real Time Build Order
Export as new Build Order

Massa Terran 

Build Orders: Reaper Expand 

Get SALT Encoding   

  12  0:00  SCV  
  13  0:12  SCV  
  14  0:17  Supply Depot  
  14  0:24  SCV  
  15  0:39  SCV  
  15  0:41  Barracks  
  16  0:51  Refinery, SCV  
  17  1:03  SCV  
  18  1:15  SCV  
  19  1:29  Orbital Command  
  19  1:34  Reaper  
  20  1:44  Command Center  
  20  1:55  Refinery  
  20  1:56  SCV  
  21  2:06  Marine  
  22  2:12  Supply Depot  
  22  2:26  Factory  
  22  2:39  Barracks Tech Lab  
  22  2:42  Supply Depot  
  22  2:52  Barracks  
  22  2:55  SCV  
  22  2:58  Orbital Command  
  23  2:59  Marine  
  23  3:07  SCV  
  22  3:14  Hellion  
  22  3:17  Reaper  
  22  3:31  Stimpack  
  19  3:36  Hellion  
  21  3:49  SCV x2, Reaper  
  20  4:01  SCV  
  19  4:06  Hellion  
  19  4:08  Marine  
  17  4:26  Marine  
  17  4:33  SCV x2  
  19  4:45  SCV  
  19  4:48  SCV  
  20  4:53  Marine  
  20  4:54  Marine  
  20  4:57  SCV  
  23  5:00  SCV  
  24  5:08  Supply Depot  
  24  5:09  SCV  
  24  5:10  Supply Depot  
  24  5:11  Marine x2  
  24  5:12  SCV  
  27  5:22  SCV  
  27  5:24  SCV  
  27  5:28  Hellion  
  31  5:29  Marine x2  
  34  5:42  SCV  
  34  5:43  SCV  
  35  5:55  SCV x2  
  37  6:01  Engineering Bay  
  37  6:04  Refinery  
  37  6:07  SCV x2  
  37  6:08  Factory Tech Lab  
  39  6:19  SCV x2  
  41  6:31  SCV  
  42  6:37  Refinery, Siege Tank  
  45  6:50  Missile Turret  
  43  7:05  Combat Shield  
  43  7:06  Marauder, Marine  
  46  7:09  Cyclone  
  45  7:24  Marine  
  45  7:28  Marauder  
  48  7:35  Starport x2  
  48  7:40  SCV x2  
  48  7:44  Siege Tank  
  53  7:52  SCV x2  
  53  7:57  Missile Turret  
  55  8:04  SCV x2  
  57  8:08  Barracks Tech Lab  
  57  8:13  Starport Tech Lab  
  57  8:14  Starport Reactor  
  57  8:16  SCV x2  
  59  8:32  Concussive Shells  
  59  8:33  Marauder x2  
  63  8:36  Banshee  
  63  8:39  SCV x2  
  58  8:51  SCV x2  
  60  9:02  Missile Turret  
  60  9:15  Command Center  
  60  9:18  Raven, Command Center, Viking x2  
  66  9:26  Siege Tank  
  61  9:52  Viking  
  62  9:55  Viking  
  59  10:01  Marine  
  60  10:09  Siege Tank  
  45  10:29  Marauder  
  46  11:19  Command Center  
  46  11:28  Command Center x2  
  46  11:32  Starport Tech Lab  
  46  11:33  Starport Reactor  
  46  11:52  Supply Depot  
  46  11:54  Supply Depot  
  46  11:55  Sensor Tower, Supply Depot  
  46  11:59  Missile Turret  
  46  12:09  Barracks  
  46  12:12  Barracks  
  46  12:13  Terran Infantry Weapons Level 1  
  46  12:20  Barracks, Armory  
  46  12:30  Siege Tank  
  46  12:31  Marauder  
  37  12:52  Marauder  
  33  13:02  Raven, Siege Tank  
  31  13:13  Marine  
  31  13:17  Viking x2  
  34  13:24  SCV x2  
  36  13:30  SCV  
  36  13:31  Marine  
  38  13:36  SCV x2  
  40  13:42  SCV  
  40  13:45  Viking  
  40  13:48  SCV x2  
  44  13:49  Marauder  
  44  13:54  SCV  
  48  14:00  SCV x2  
  50  14:04  Terran Vehicle Weapons Level 1  
  50  14:07  Terran Infantry Armor Level 1  
  50  14:08  Barracks Reactor, Barracks Tech Lab  
  50  14:12  SCV  
  51  14:21  Marauder  
  53  14:26  Planetary Fortress  
  53  14:30  SCV  
  54  14:37  Medivac  
  56  14:39  Marine  
  56  14:42  SCV, Marauder  
  60  14:51  Sensor Tower  
  60  14:55  Missile Turret  
  60  14:57  Marine  
  59  15:04  Marauder  
  61  15:12  Marine x2  
  63  15:14  Marine  
  64  15:24  Marine  
  65  15:28  SCV  
  65  15:29  SCV  
  65  15:30  SCV, Marine  
  69  15:39  Missile Turret  
  69  15:48  Missile Turret  
  69  15:52  Orbital Command  
  69  15:57  Marine  
  69  15:58  SCV  
  69  16:05  Marine  
  69  16:06  SCV, Supply Depot  
  69  16:07  Supply Depot  
  69  16:12  SCV  
  69  16:14  Marauder  
  69  16:16  Marauder  
  45  16:36  Marauder  
  45  16:37  Marauder  
Show
View Real Time Build Order
Export as new Build Order

czajna Terran - Winner!

Build Orders:  

Get SALT Encoding   

  12  0:00  SCV  
  13  0:12  SCV  
  14  0:22  Supply Depot  
  14  0:24  SCV  
  15  0:44  Refinery, SCV  
  15  0:46  Barracks  
  16  0:58  Barracks  
  16  1:00  SCV  
  17  1:12  SCV  
  18  1:24  SCV  
  19  1:29  Refinery  
  19  1:31  Supply Depot  
  19  1:34  Reaper  
  19  1:36  SCV  
  21  1:49  SCV  
  21  1:52  Reaper  
  23  2:01  SCV  
  23  2:06  Reaper  
  25  2:10  Bunker  
  24  2:20  Orbital Command  
  24  2:24  Reaper  
  25  2:39  Reaper  
  24  4:09  Reaper x2  
  24  4:41  Reaper x2  
  25  4:46  Factory  
  25  4:49  Barracks  
  25  4:50  Barracks  
  25  4:56  Supply Depot  
  25  5:00  Command Center  
  25  5:12  SCV  
  28  5:24  SCV  
  28  5:26  Barracks Tech Lab x2  
  27  5:47  Starport x3, Barracks Tech Lab x2  
  27  5:48  Factory Tech Lab  
  27  5:51  SCV  
  28  6:04  SCV  
  29  6:16  SCV, Marauder x4  
  38  6:25  Starport Tech Lab x2  
  38  6:26  Starport Tech Lab  
  38  6:28  SCV  
  39  6:37  Marauder x3  
  39  6:38  Marauder  
  39  6:39  SCV  
  48  6:40  SCV  
  49  6:50  Refinery  
  49  6:52  Refinery, SCV  
  46  7:04  Liberator x2  
  52  7:13  Supply Depot  
  52  7:15  Supply Depot  
  52  7:16  Bunker  
  52  7:19  Stimpack  
  52  7:23  Concussive Shells  
  52  7:30  Orbital Command  
  52  7:34  Liberator  
  55  7:39  Marine x4  
  55  7:42  Widow Mine  
  61  7:50  Supply Depot  
  61  7:52  Supply Depot  
  61  7:55  SCV  
  61  7:57  Marine x2  
  64  8:08  SCV  
  64  8:09  Combat Shield  
  64  8:11  Marauder, Marine  
  68  8:20  SCV  
  68  8:25  Medivac  
  71  8:28  Medivac  
  71  8:32  SCV  
  74  8:44  SCV  
  75  8:48  Marine x2  
  75  8:49  Marauder x2  
  81  9:02  Supply Depot  
  81  9:03  SCV x2, Supply Depot  
  81  9:06  Marine  
  81  9:07  Marauder  
  86  9:16  Engineering Bay  
  86  9:18  Engineering Bay  
  86  9:23  Marine  
  86  9:24  SCV  
  84  9:40  Marine x2  
  84  9:41  Marauder  
  84  9:42  Marauder  
  87  9:58  Marine  
  87  9:59  Marauder  
  69  10:26  Marauder, Marine x3  
  65  10:44  Marauder x2, Marine  
  65  10:47  Marine  
  71  10:58  Terran Infantry Armor Level 1, Terran Infantry Weapons Level 1  
  71  11:02  Marauder  
  73  11:05  Marine x2  
  73  11:06  Marauder  
  73  11:08  Command Center  
  68  11:13  Medivac x2  
  72  11:23  Marauder, Marine x2  
  76  11:27  Marauder  
  76  11:29  SCV x2  
  80  11:40  Marine  
  80  11:41  SCV x2, Marauder  
  80  11:44  Marine  
  80  11:45  Viking x2  
  90  11:48  Marauder  
  90  11:50  Refinery x2  
  90  11:53  SCV x2  
  94  11:58  Marine  
  95  12:05  SCV  
  95  12:06  SCV  
  59  13:00  Marine  
  59  13:01  Marine x3  
  59  13:03  Viking x2  
  59  13:04  Viking  
  60  13:17  SCV  
  60  13:18  Marine x2  
  60  13:19  Marauder, Marine  
  64  13:29  SCV  
  64  13:30  Sensor Tower  
  64  13:33  Viking x2  
  64  13:34  Medivac  
  71  13:36  Marauder, Marine  
  71  13:37  Marauder  
  71  13:40  Marine  
  77  13:41  SCV  
  77  13:44  Armory  
  78  13:50  Fusion Core  
  78  13:53  SCV  
  78  13:55  Marauder  
  81  13:57  Marine  
  81  13:58  Marauder, Marine  
  85  14:03  Liberator x2, Medivac  
  85  14:05  SCV  
  94  14:11  Command Center  
  94  14:14  Barracks  
  94  14:15  Marine  
  94  14:16  Marauder, Marine  
  98  14:17  SCV  
  99  14:24  Missile Turret  
  99  14:30  SCV  
  100  14:33  Liberator  
  100  14:35  Missile Turret  
  103  14:39  Terran Infantry Weapons Level 2  
  103  14:40  Terran Infantry Armor Level 2  
  103  14:46  Missile Turret  
  103  14:55  Missile Turret  
  103  15:03  Barracks  
  103  15:08  Missile Turret  
  103  15:10  Medivac x2  
  107  15:16  Medivac  
  107  15:17  Missile Turret  
  109  15:29  Supply Depot  
  109  15:40  Medivac  
  109  15:42  Missile Turret  
  111  15:48  Refinery x2  
  111  15:54  Missile Turret  
  111  15:56  Missile Turret  
  111  16:03  Missile Turret  
  103  16:14  Missile Turret  
  103  16:17  Missile Turret  
  91  16:25  Missile Turret  
  82  16:43  Marine x2  
  82  16:44  Marauder  
Tags
 
Matchup
TvT
Race
Terran
Replay Pack
Multiplayer
Spawn Locations
Cross Positions
Add a new tag
Caveats
  • Supply blocks, unpowered buildings, or Contaminate may cause inaccurate times.
  • Supply counts are checked every 10 seconds.